 Dungeon Crawl Stone Soup version 0.28.0-53-g5a82cb258f (webtiles) character file.

Game seed: 13198525496173705358

224 lesbiats the Chucker (level 5, -1/49 HPs)
             Began as a Troll Hunter on Aug 18, 2022.
             Slain by a bullfrog (2 damage)
             ... in a sewer on Aug 23, 2022.
             The game lasted 00:11:50 (2542 turns).

lesbiats the Chucker (Troll Hunter)                 Turns: 2542, Time: 00:11:52

Health: -1/49      AC:  4    Str: 22    XL:     5   Next: 67%
Magic:  4/4        EV: 10    Int:  7    God:
Gold:   147        SH:  0    Dex: 10    Spells: 4/4 levels left

rFire   . . .      SeeInvis .     - Unarmed
rCold   . . .      Faith    .   (no shield)
rNeg    . . .      Spirit   .   b - +0 robe
rPois   .          Reflect  .   (helmet restricted)
rElec   .          Harm     .   (no cloak)
rCorr   .          Rampage  .   (gloves unavailable)
Will    .....                   (boots unavailable)
Stlth   +.........              f - amulet of the acrobat
HPRegen 0.96/turn               (no ring)
MPRegen 0.09/turn               (no ring)

@: lethally poisoned (-1 -> -1), very slow
A: large, unfitting armour, claws 3, regeneration 1, shaggy fur 1, tough skin 1
a: no special abilities


You were in a sewer.
You visited 1 branch of the dungeon, and saw 4 of its levels.
You also visited: Sewer.

You collected 147 gold pieces.

Inventory:

Hand Weapons
 l - a +0 club
Missiles
 c - 4 large rocks (quivered)
 d - 2 throwing nets
 s - 5 javelins
Armour
 b - a +0 robe (worn)
Jewellery
 f - an amulet of the acrobat (around neck)
 p - a ring of fire
Scrolls
 e - a scroll of fear {unknown}
 g - a scroll of noise {unknown}
 h - a scroll of acquirement {unknown}
 i - a scroll of fog
 m - 2 scrolls of vulnerability
 n - 2 scrolls of torment {unknown}
 t - a scroll of identify
 u - a scroll of teleportation {unknown}
 w - 2 scrolls of blinking {unknown}
Potions
 a - a potion of resistance {unknown}
 j - a potion of flight
 k - a potion of lignification {unknown}
 o - a potion of mutation {unknown}
 q - 3 potions of curing {unknown}
 r - a potion of haste
 v - 3 potions of heal wounds {unknown}


   Skills:
 + Level 1.7 Fighting
 + Level 4.4 Throwing
 + Level 2.1 Dodging
 + Level 0.4 Stealth
 * Level 4.2 Unarmed Combat


You had 4 spell levels left.
You didn't know any spells.
Your spell library was empty.

Dungeon Overview and Level Annotations

Branches:
Dungeon (4/15)              Sewer (1/1)
 Temple: D:4-7

Altars:


Innate Abilities, Weirdness & Mutations

You are too large for most types of armour.
You have claws for hands.
Your natural rate of healing is unusually fast.
You are covered in fur. (AC +1)
You have tough skin. (AC +1)


Message History

You claw the bullfrog!
The bullfrog is heavily wounded.
The ball python bites you but does no damage.
The adder barely misses you.
The bullfrog hits you but does no damage.
The adder bites you but does no damage. The ball python misses you.
You closely miss the bullfrog.
The bullfrog is heavily wounded.
You feel sick.
You are no longer poisoned.
The bullfrog hits you.
* * * LOW HITPOINT WARNING * * *
The adder misses you. The adder closely misses you.
The bullfrog barely misses you.
The ball python bites you but does no damage.
The adder bites you.
* * * LOW HITPOINT WARNING * * *
You are poisoned.
The adder poisons you!
You barely miss the bullfrog.
The bullfrog is heavily wounded.
You feel sick. The adder bites you but does no damage.
The bullfrog barely misses you. The ball python bites you.
* * * LOW HITPOINT WARNING * * *
The adder barely misses you.
Okay, then.
As you read the scroll of fog, it crumbles to dust.
The scroll dissolves into smoke.
You feel sick. The adder bites you.
* * * LOW HITPOINT WARNING * * *
The bullfrog barely misses you. The ball python bites you.
* * * LOW HITPOINT WARNING * * *
The adder closely misses you. The adder barely misses you.
You scratch the bullfrog.
The bullfrog is almost dead.
You feel sick. The bullfrog hits you!
* * * LOW HITPOINT WARNING * * *
The adder closely misses you.
The ball python bites you but does no damage.
The adder bites you but does no damage. The bullfrog hits you.
You die...

...#..# ...####
....####################
......≈≈≈≈≈≈≈≈≈≈≈≈≈≈≈...
#.....≈≈≈≈≈≈≈≈≈≈≈≈≈≈≈≈..
#....≈≈≈≈≈≈≈≈≈≈≈≈≈≈≈#...
#.....≈≈≈≈≈≈#≈§#≈S§≈≈≈..
##....≈≈≈≈≈#≈.§F#SS≈≈...
###..≈≈≈≈≈≈≈≈§S@SS≈≈#
###################


You could see a bullfrog, 3 adders and 3 ball pythons.

Vanquished Creatures
  A bullfrog (Sewer)
  3 river rats (Sewer)
  6 adders
  A worm (D:4)
  An orc (D:3)
  8 endoplasms
  A giant cockroach (D:4)
  3 hobgoblins
  14 ball pythons
  4 bats
  4 frilled lizards
  7 goblins
  4 kobolds
  34 rats
91 creatures vanquished.

Notes
Turn   | Place    | Note
-------+----------+-------------------------------------------
     0 | D:1      | lesbiats the Troll Hunter began the quest for the Orb.
     0 | D:1      | Reached XP level 1. HP: 19/19 MP: 0/0
   179 | D:1      | Found a faded altar of an unknown god.
   838 | D:1      | Reached XP level 2. HP: 27/27 MP: 1/1
  1143 | D:2      | Reached skill level 1 in Unarmed Combat
  1143 | D:2      | Reached XP level 3. HP: 25/35 MP: 2/2
  1813 | D:3      | Reached XP level 4. HP: 40/42 MP: 3/3
  2086 | D:4      | Noticed an ogre
  2140 | D:4      | Found a glowing drain.
  2146 | Sewer    | Entered a sewer
  2268 | Sewer    | Reached XP level 5. HP: 48/49 MP: 4/4
  2542 | Sewer    | HP: 1/49 [bullfrog (7)]
  2542 | Sewer    | Slain by a bullfrog

Illustrated notes

Levels and vault maps discovered:
D:1:      dpeg_arrival_shelter, layout_loops_cross, serial_co_window_serial,
          co_window_paths_a, co_window_paths_b, co_window_corner_a,
          co_window_paths_a, co_window_paths_a, co_window_paths_b,
          co_window_of_opportunity_a, co_window_corner_b, co_window_corner_b,
          co_window_of_opportunity_b, co_window_corner_cb, co_window_sun,
          co_window_4corner_a, glass_columns_a,
          shapermc_ecumenical_altar_mp_highgroup
D:2:      layout_rooms, minmay_tiny_reverse_x
D:3:      layout_basic
D:4:      nicolae_cairo_tiling, layout_loops_ring, lightli_sewer_entry_pipes
Sewer:    sewer_minmay_w

Skill      XL: |  1  2  3  4  5 |
---------------+----------------+-----
Throwing       | 4 |  4.4
Unarmed Combat | 1 2 3 4 |  4.2
Dodging        | 2 |  2.1
Fighting       | |  1.7
Stealth        | |  0.4

Action                   |  1- 3 |  4- 6 || total
-------------------------+-------+-------++-------
Melee: Unarmed           |    90 |   123 ||   213
       Short sword       |     1 |       ||     1
       Punch             |       |     1 ||     1
Throw: Large rock        |     1 |     5 ||     6
  Use: Scroll            |       |     5 ||     5
Armor: Robe              |    31 |    70 ||   101
Dodge: Dodged            |    55 |   132 ||   187
